 Dungeon Crawl Stone Soup version 0.30.0-19-g36f170ea60 (webtiles) character file.

Game seed: 18046200449257849682

39 booth the Chopper (level 3, 0/31 HPs)
             Began as a Gnoll Reaver on May 30, 2023.
             Slain by a gnoll
             ... wielding a +0 spear
              (7 damage)
             ... on level 2 of the Dungeon.
             The game lasted 00:09:01 (1071 turns).

booth the Chopper (Gnoll Reaver)                    Turns: 1071, Time: 00:09:02

Health: 0/31       AC:  3    Str: 13    XL:     3   Next: 45%
Magic:  4/9        EV: 12    Int: 12    God:
Gold:   96         SH:  0    Dex: 10    Spells: 6/12 levels left

rFire   . . .        a - +0 hand axe
rCold   . . .        (no shield)
rNeg    . . .        b - +0 leather armour
rPois   .            (no helmet)
rElec   .            (no cloak)
rCorr   .            (no gloves)
SInv    .            (no boots)
Will    .....        (no amulet)
Stlth   +            (no ring)
HPRegen 0.25/turn    (no ring)
MPRegen 0.11/turn

%: no passive effects
@: very slightly contaminated
A: fangs 1, strong nose, distributed training
a: no special abilities


You were on level 2 of the Dungeon.
You visited 1 branch of the dungeon, and saw 2 of its levels.

You collected 96 gold pieces.

Inventory:

Hand Weapons
 a - a +0 hand axe (weapon)
Missiles
 c - 3 boomerangs
Armour
 b - a +0 leather armour (worn)
Scrolls
 e - a scroll of poison
 f - a scroll of teleportation
 j - a scroll of fog {unknown}
 k - a scroll of enchant armour {unknown}
 n - 2 scrolls of silence {unknown}
 o - a scroll of acquirement {unknown}
Potions
 d - 2 potions of heal wounds
 g - a potion of attraction
 h - a potion of flight
 l - a potion of lignification {unknown}
 m - a potion of invisibility {unknown}


   Skills:
 + Level 4.5 Fighting
 + Level 0.9 Short Blades
 + Level 0.9 Long Blades
 + Level 6.5 Axes
 + Level 0.9 Maces & Flails
 + Level 0.9 Polearms
 + Level 0.9 Staves
 + Level 0.9 Ranged Weapons
 + Level 0.9 Throwing
 + Level 0.9 Armour
 + Level 4.5 Dodging
 + Level 0.9 Stealth
 + Level 0.9 Shields
 + Level 0.9 Unarmed Combat
 + Level 5.0 Spellcasting
 + Level 5.4 Conjurations
 + Level 0.6 Hexes
 + Level 0.6 Summonings
 + Level 0.6 Necromancy
 + Level 0.6 Translocations
 + Level 0.6 Transmutations
 + Level 0.6 Fire Magic
 + Level 0.6 Ice Magic
 + Level 0.6 Air Magic
 + Level 0.6 Earth Magic
 + Level 0.6 Poison Magic
 + Level 1.0 Invocations
 + Level 0.9 Evocations


You had 6 spell levels left.
You knew the following spells:

 Your Spells              Type           Power      Damage    Failure   Level
a - Kiss of Death         Conj/Necr      40%        2d8       8%          1
b - Momentum Strike       Conj/Tloc      20%        3d8       11%         2
c - Hailstorm             Conj/Ice       10%        3d5       22%         3

Your spell library contained the following spells:

 Spells                   Type           Power      Damage    Failure   Level
 Portal Projectile        Hex/Tloc       8%         N/A       52%         3
 Tukima's Dance           Hex            4%         N/A       52%         3
 Blade Hands              Tmut           2%         N/A       99%         5


Dungeon Overview and Level Annotations

Branches:
Dungeon (2/15)

Altars:

Shops:
D:2 =


Innate Abilities, Weirdness & Mutations

You have very sharp teeth.
Your uncanny sense of smell can sniff out nearby items.
Your experience applies equally to all skills.


Message History

The gnoll hits you with a +0 halberd! The gnoll closely misses you.
The gnoll hits you from afar with a +0 spear.
* * * LOW HITPOINT WARNING * * *
The gnoll closely misses you.
Cast which spell? (? or * to list)
The spell is quite dangerous to miscast (22% risk of failure)!
Continue anyway?
Casting: Hailstorm (quite dangerous; 22% risk of failure)
Press: ? - help, Dir - look around, f - activate You miscast Hailstorm.
You are very lightly contaminated with residual magic.
Nothing appears to happen.
The gnoll hits you from afar with a +0 halberd.
* * * LOW HITPOINT WARNING * * *
You feel much better.
The gnoll hits you from afar with a +0 halberd.
Casting: Hailstorm (quite dangerous; 22% risk of failure)
Confirm with . or Enter, or press ? or * to list all spells.
The spell is quite dangerous to miscast (22% risk of failure)!
Continue anyway? [Y]es or [N]o only, please.
The spell is quite dangerous to miscast (22% risk of failure)!
Continue anyway? [Y]es or [N]o only, please.
The spell is quite dangerous to miscast (22% risk of failure)!
Continue anyway?
Casting: Hailstorm (quite dangerous; 22% risk of failure)
Press: ? - help, Dir - look around, f - activate A cannonade of hail descends around you!
The hail pelts the gnoll.
You kill the gnoll!
The hail pelts the gnoll.
The gnoll is moderately wounded.
Your Invocations skill increases to level 1!
The gnoll barely misses you.
You barely miss the gnoll.
The gnoll is lightly wounded.
The gnoll closely misses you. The gnoll hits you with a +0 spear!
You hit the gnoll but do no damage.
The gnoll is lightly wounded.
The gnoll hits you from afar with a +0 halberd.
* * * LOW HITPOINT WARNING * * *
The gnoll hits you with a +0 spear!
You die...

####### #.##.#.##
...##.#.##. #.# #.#
#...###.#.## # #[#
#.# #...#.##.#.#
#### . #...#.###.#.
#..### # #...#.#
##.# ##.#.# ∆
#.#...#.#####.
#....# ..........##
...#.# ∆
#########.##.....##
.....#
#.@gg......#.......
...###
#.######.###......#.
#.###### #. ##.##
##....... #..>...#
#. #.## ##.##.#.
######## #. #.#
#.#.... .. #.##
##...... #. ##.##
##.##...# ..
##.###.###....
#.....# ##.##


You could see 2 gnolls.

Vanquished Creatures
  A gnoll (D:2)
  2 bats
  3 endoplasms (D:1)
  3 goblins (D:1)
  5 hobgoblins
  2 jackals (D:2)
  4 ball pythons
  3 frilled lizards (D:2)
  2 kobolds (D:2)
  4 rats
29 creatures vanquished.

Notes
Turn   | Place    | Note
-------+----------+-------------------------------------------
     0 | D:1      | booth the Gnoll Reaver began the quest for the Orb.
     0 | D:1      | Reached XP level 1. HP: 20/20 MP: 6/6
   107 | D:1      | Reached XP level 2. HP: 17/26 MP: 7/7
   114 | D:1      | Learned a level 2 spell: Momentum Strike
   685 | D:2      | Found Wicobo's One-of-a-Kind Rings.
   887 | D:2      | Reached skill level 5 in Spellcasting
   887 | D:2      | Reached XP level 3. HP: 29/31 MP: 7/9
   891 | D:2      | Learned a level 3 spell: Hailstorm
  1068 | D:2      | Reached skill level 1 in Invocations
  1071 | D:2      | Slain by a gnoll

Illustrated notes

Levels and vault maps discovered:
D:1:      heliophobic_arrival_battle_scene, layout_rooms
D:2:      minmay_inner_zag, layout_loops_cross,
          dreamdust_ecumenical_altar_hidden_monk_grotto,
          nicolae_shop_unique_rings

Skill      XL: |  1  2  3 |
---------------+----------+-----
Spellcasting   | 5 |  5.0
Invocations    | 1 |  1.0
Fighting       | |  4.5
Short Blades   | |  0.9
Long Blades    | |  0.9
Axes           | |  6.5
Maces & Flails | |  0.9
Polearms       | |  0.9
Staves         | |  0.9
Ranged Weapons | |  0.9
Throwing       | |  0.9
Armour         | |  0.9
Dodging        | |  4.5
Stealth        | |  0.9
Shields        | |  0.9
Unarmed Combat | |  0.9
Conjurations   | |  5.4
Hexes          | |  0.6
Summonings     | |  0.6
Necromancy     | |  0.6
Translocations | |  0.6
Transmutations | |  0.6
Fire Magic     | |  0.6
Ice Magic      | |  0.6
Air Magic      | |  0.6
Earth Magic    | |  0.6
Poison Magic   | |  0.6
Evocations     | |  0.9

Action                     || total
---------------------------++-------
  Melee: Hand axe          ||    81
         Bite              ||     9
         Punch             ||     2
   Cast: Hailstorm         ||     1
    Use: Scroll            ||     6
         Potion            ||     3
 Armour: Leather armour    ||    14
  Dodge: Dodged            ||    54
